 Dungeon Crawl Stone Soup version 0.30-a0-719-gcc4359ea44 (webtiles) character file.

Game seed: 16039472626171912683

9967 Leeroy the Carver (level 11, -2/73 HPs)
             Began as a Tengu Warper on Jan 26, 2023.
             Was a High Priest of Okawaru.
             Slain by a centaur warrior (9 damage)
             ... on level 10 of the Dungeon.
             The game lasted 00:24:39 (12322 turns).

Leeroy the Carver (Tengu Warper)                   Turns: 12322, Time: 00:24:40

Health: -2/73      AC:  9    Str: 12    XL:     11   Next: 54%
Magic:  15/15      EV: 21    Int: 13    God:    Okawaru [*****.]
Gold:   1339       SH:  0    Dex: 24    Spells: 2/14 levels left

rFire   + . .      SeeInvis .    J - +7 great sword
rCold   . . .      Faith    .    (shield currently unavailable)
rNeg    . . .      Spirit   .    D - +2 robe {rF+}
rPois   .          Reflect  .    (helmet restricted)
rElec   .          Harm     .    I - +0 cloak
rCorr   .          Rampage  .    (no gloves)
Will    .....                    (boots unavailable)
Stlth   ++                       (no amulet)
HPRegen 0.32/turn                K - +6 ring of dexterity
MPRegen 0.14/turn                x - +4 ring of protection

@: flying quickly and evasively, hasted, studying Fighting, very quick
A: beak, talons 3, nimble flight
a: Renounce Religion, Heroism, Finesse, Duel


You were on level 10 of the Dungeon.
You worshipped Okawaru.
Okawaru was extremely pleased with you.
You visited 2 branches of the dungeon, and saw 11 of its levels.
You also visited: Bailey.

You collected 1339 gold pieces.

Inventory:

Hand Weapons
 a - a +0 falchion
 q - a +0 rapier
 y - a +0 long sword
 C - a +1 short sword of draining
 F - a +1 dagger of venom
 G - the +10 battleaxe of Ru's Inspiration {freeze, rN+ Int+2}
   (You took it off an orc warrior in a bailey)

   Int:       It affects your intelligence (+2).
   rN:        It protects you from negative energy.
 J - a +7 great sword (weapon)
Missiles
 d - 8 boomerangs of dispersal
 u - 15 boomerangs (quivered)
 E - 28 poisoned darts
Armour
 b - a +0 leather armour
 n - a +0 ring mail of positive energy
 D - a +2 robe of fire resistance (worn)
 I - a +0 cloak (worn)
 L - a +0 troll leather armour
 N - +0 steam dragon scales
Jewellery
 v - a ring of protection from fire
 x - a +4 ring of protection (right hand)
 K - a +6 ring of dexterity (left hand)
 M - a ring of see invisible
Wands
 s - a wand of light (9)
Scrolls
 c - a scroll of blinking
 e - 2 scrolls of immolation
 k - 3 scrolls of magic mapping
 l - 2 scrolls of poison
 p - 3 scrolls of noise
 r - 3 scrolls of enchant armour
 A - a scroll of vulnerability
 B - 3 scrolls of teleportation
 H - 2 scrolls of fear
 O - a scroll of enchant weapon
 P - a scroll of identify
Potions
 f - 5 potions of curing
 g - 2 potions of brilliance
 h - a potion of haste
 i - 2 potions of mutation
 j - a potion of attraction {unknown}
 m - a potion of berserk rage {unknown}
 o - 4 potions of degeneration {unknown}
 t - a potion of ambrosia {unknown}
 w - 3 potions of invisibility {unknown}
 z - a potion of might
 Q - a potion of flight {unknown}


   Skills:
 + Level 10.6 Fighting
 - Level 14.1 Long Blades
 - Level 1.0 Throwing
 - Level 1.1 Armour
 - Level 7.1 Dodging
 - Level 2.0 Spellcasting
 - Level 2.4 Translocations
 - Level 0.4 Fire Magic
 - Level 6.5 Air Magic
 - Level 5.2 Invocations


You had 2 spell levels left.
You knew the following spells:

 Your Spells              Type           Power      Damage    Failure   Level
a - Blink                 Tloc           14%        N/A       14%         2
b - Vhi's Electric Charg  Tloc/Air       24%        N/A       12%         3
c - Manifold Assault      Tloc           7%         N/A       67%         4
d - Kindle Blastsparks    Fire/Tloc/Air  18%        2d11      22%         3

Your spell library contained the following spells:

 Spells                   Type           Power      Damage    Failure   Level
 Lesser Beckoning         Tloc           14%        N/A       14%         2
 Sting                    Tmut/Pois      4%         1d3       26%         1
 Teleport Other           Tloc           7%         N/A       28%         3
 Inner Flame              Hex/Fire       1%         N/A       56%         3
 Dazzling Flash           Conj/Hex       2%         N/A       58%         3
 Passage of Golubria      Tloc           7%         N/A       67%         4
 Iskenderun's Mystic Bla  Conj/Tloc      4%         2d3       83%         4
 Silence                  Hex/Air        4%         N/A       88%         5
 Flame Wave               Conj/Fire      1%         2d4       93%         4
 Sticky Flame             Conj/Fire      1%         2d3       93%         4
 Fulminant Prism          Conj/Hex       0%         3d5       94%         4
 Lee's Rapid Deconstruct  Erth           0%         3d4*      100%        5
 Yara's Violent Unravell  Hex/Tmut       0%         3d3       100%        5
 Eringya's Noxious Bog    Tmut/Pois      0%         N/A       100%        6
 Starburst                Conj/Fire      0%         6d3       100%        6
 Lehudib's Crystal Spear  Conj/Erth      0%         10d2      100%        8
 Tukima's Dance           Hex            Unusable   N/A       N/A         3

Dungeon Overview and Level Annotations

Branches:
Dungeon (10/15)            Temple (1/1) D:6          Bailey (visited)
   Lair: D:8-11         Orc: D:9-12

Altars:
Ashenzari
Cheibriados
Dithmenos
Elyvilon
Fedhas
Gozag
Hepliaklqana
Kikubaaqudgha
Makhleb
Nemelex Xobeh
Okawaru
Qazlal
Ru
Sif Muna
Trog
Uskayaw
Vehumet
Wu Jian
Xom
Yredelemnul
Zin
The Shining One

Shops:
D:3 [   D:4 *

Annotations:
D:10 4 runed translucent doors


Innate Abilities, Weirdness & Mutations

You have a beak for a mouth.
You have claws for feet.
Your magical nature lets you fly swiftly and evasively.


Message History

Something closely misses you. x2; The centaur warrior shoots an arrow.
Reactivating autopickup.
You feel a bit more experienced.
A vampire comes into view.
You barely miss the vampire. You claw the vampire. You peck the vampire.
The vampire is lightly damaged.
The vampire closely misses you. The vampire bites you.
The vampire draws strength from your injuries!
You slice the vampire!! Your kick misses the vampire.
You peck the vampire, but do no damage.
The vampire is almost destroyed.
The vampire draws life force from you!
The vampire is healed by the life force!
You hit the vampire. Your kick misses the vampire.
The vampire is severely damaged.
The vampire mumbles some strange words.
The vampire flickers and vanishes!
Deactivating autopickup; reactivate with Ctrl-A.
You hit something. You claw something. Okawaru accepts your kill.
Reactivating autopickup.
You feel a bit more experienced.
The centaur warrior shoots an arrow.
The arrow hits you!
The centaur warrior shoots an arrow.
The arrow hits you.
Okay, then.
You feel yourself speed up.
The centaur warrior shoots an arrow.
The arrow hits you!!
* * * LOW HITPOINT WARNING * * *
The centaur warrior unwields a +0 longbow.
The centaur warrior completely misses you.
The centaur warrior misses you.
Things that are here:
a +0 spear; a +0 scale mail You slice the centaur warrior!!
You claw the centaur warrior, but do no damage.
The centaur warrior is heavily wounded.
You completely miss the centaur warrior.
Your kick misses the centaur warrior. Your peck misses the centaur warrior.
The centaur warrior is heavily wounded.
The centaur warrior hits you!
You die...

#####.###.# #. ## #######
###.....#...# ## .# #.....#
###.'.#######.# #
.####.....###...#.......#.# #
.#..+.....##...##.#..##.########
.'.##.....'..#..............(..##
.####.....##.#..######..######..#
.# #.....##...##c...####....##.#
.# ####'####..#@# #..###.#.# .#
#...##..#.# #.##.#.#.# ##
###.##..#.### #B#.##.#.# #
#.##..#.#.## # ##.#†#.# #
#.###.##.#.# #...##.# # #.#
#..###'# #+###... #
#######'####.....######.....+. #
..........####..##8$|8##...##. #
..........# #...#8....8#.####.


You could see a centaur warrior.

Vanquished Creatures
  An orc sorcerer (Bailey)
  Maggie (D:8)
  A kobold demonologist (Bailey)
  3 trolls (D:10)
  Grinder (D:6)
  Sigmund (D:2)
  A wraith (D:9)
  A shadow (D:10)
  9 yaks
  A vampire (D:10)
  Grum (D:8)
  An acid dragon (D:10)
  A water moccasin (D:5)
  14 orc warriors
  3 black bears
  4 ogres
  3 wolves
  4 centaurs
  A phantom (D:4)
  A kobold brigand (D:9)
  3 bullfrogs
  2 gnoll sergeants (D:10)
  3 necrophages
  2 scorpions
  8 wights (D:9)
  15 killer bees
  2 howler monkeys
  8 electric eels (Bailey)
  3 orc priests
  2 jellies (D:5)
  2 hounds (D:5)
  2 gnoll boudas
  Jessica (D:2)
  5 iguanas
  12 orc wizards
  12 gnolls
  8 adders
  3 ufetubi
  A worm (D:3)
  3 dart slugs
  53 orcs
  6 bats
  3 endoplasms
  5 giant cockroaches
  19 goblins
  16 hobgoblins
  10 jackals
  15 kobolds
  6 quokkas
  4 ball pythons
  5 rats
292 creatures vanquished.

Vanquished Creatures (others)
  An unseen horror (D:10)
1 creature vanquished.

Grand Total: 293 creatures vanquished

Notes
Turn   | Place    | Note
-------+----------+-------------------------------------------
     0 | D:1      | Leeroy the Tengu Warper began the quest for the Orb.
     0 | D:1      | Reached XP level 1. HP: 12/12 MP: 4/4
   162 | D:1      | Reached XP level 2. HP: 13/17 MP: 6/6
   163 | D:1      | Reached skill level 3 in Long Blades
   543 | D:1      | Learned a level 2 spell: Blink
   549 | D:2      | Reached XP level 3. HP: 21/21 MP: 7/7
   574 | D:2      | Reached skill level 4 in Long Blades
   640 | D:2      | Found a faded altar of an unknown god.
   749 | D:2      | Noticed Jessica
   753 | D:2      | Killed Jessica
   754 | D:2      | Reached XP level 4. HP: 21/26 MP: 8/8
   783 | D:2      | Reached skill level 5 in Long Blades
  1003 | D:2      | Noticed Sigmund
  1163 | D:3      | Gained mutation: Your magical nature lets you fly swiftly
                  | and evasively. [Tengu growth]
  1163 | D:3      | Reached XP level 5. HP: 14/30 MP: 9/9
  1292 | D:3      | Found Kiucs's Armour Boutique.
  1426 | D:3      | Found a basalt altar of Yredelemnul.
  1726 | D:4      | Found Kestrer's General Store.
  1946 | D:4      | Noticed a phantom
  1957 | D:4      | Reached skill level 6 in Long Blades
  2182 | D:4      | Noticed an ogre
  2190 | D:4      | Killed an ogre
  2191 | D:4      | Reached skill level 7 in Long Blades
  2191 | D:4      | Reached XP level 6. HP: 35/35 MP: 10/10
  2282 | D:4      | Noticed a black bear
  2292 | D:4      | Killed a black bear
  2503 | D:4      | Reached skill level 8 in Long Blades
  2503 | D:4      | Reached XP level 7. HP: 13/40 MP: 11/11
  2644 | D:4      | Learned a level 3 spell: Vhi's Electric Charge
  2649 | D:4      | Learned a level 4 spell: Manifold Assault
  2678 | D:5      | Entered Level 5 of the Dungeon
  2689 | D:5      | Got the Meditations on Contaminants
  2889 | D:5      | Reached skill level 9 in Long Blades
  3066 | D:5      | Reached XP level 8. HP: 40/44 MP: 12/12
  3135 | D:5      | Reached skill level 10 in Long Blades
  3669 | D:6      | Reached skill level 11 in Long Blades
  3855 | D:6      | Found a staircase to the Ecumenical Temple.
  3877 | Temple   | Entered the Ecumenical Temple
  4009 | Temple   | Became a worshipper of Warmaster Okawaru
  4032 | D:6      | Reached skill level 12 in Long Blades
  4147 | D:6      | Reached XP level 9. HP: 47/48 MP: 13/13
  4155 | D:6      | Found a sacrificial altar of Ru.
  4160 | D:6      | Found a glowing silver altar of Zin.
  4474 | D:6      | Noticed Grinder
  4474 | D:6      | Paralysed by Grinder for 5 turns
  4992 | D:7      | HP: 1/48 [yak (8)]
  5071 | D:7      | Reached * piety under Okawaru
  5072 | D:7      | Reached skill level 13 in Long Blades
  5628 | D:7      | Reached skill level 14 in Long Blades
  5636 | D:7      | Reached ** piety under Okawaru
  5778 | D:7      | Reached skill level 5 in Dodging
  5988 | D:8      | Reached XP level 10. HP: 33/53 MP: 14/14
  6067 | D:8      | Found a flagged portal.
  6099 | Bailey   | Entered a bailey
  6315 | Bailey   | Noticed a kobold demonologist
  7139 | Bailey   | Reached skill level 1 in Air Magic
  7142 | Bailey   | Reached *** piety under Okawaru
  7252 | Bailey   | Killed a kobold demonologist
  7382 | Bailey   | Reached skill level 5 in Air Magic
  7397 | Bailey   | Learned a level 3 spell: Kindle Blastsparks
  7503 | Bailey   | Identified the +10 battleaxe of Ru's Inspiration {freeze,
                  | rN+ Int+2}
  7510 | Bailey   | Acquired 691 gold pieces
  7654 | Bailey   | Found an iron altar of Okawaru.
  7656 | Bailey   | Noticed an orc sorcerer
  7915 | Bailey   | Noticed a sixfirhy
  8116 | Bailey   | Identified the +0 pair of boots of Faucuo {rF+ Dex+3}
  8283 | Bailey   | Paralysed by an orc sorcerer for 3 turns
  8293 | Bailey   | Killed an orc sorcerer
  8293 | Bailey   | Reached **** piety under Okawaru
  8398 | D:8      | Noticed Grum
  8424 | D:7      | Reached skill level 1 in Invocations
  8430 | D:7      | Reached skill level 5 in Fighting
  8644 | D:8      | Killed Grum
  8861 | D:8      | Found a sparkling altar of Nemelex Xobeh.
  8912 | D:8      | Noticed Maggie
  9569 | D:9      | Reached XP level 11. HP: 65/66 MP: 15/15
 10088 | D:10     | Entered Level 10 of the Dungeon
 10095 | D:10     | Reached ***** piety under Okawaru
 10172 | D:10     | Found a large runed translucent door.
 10172 | D:10     | Found a large runed translucent door.
 10172 | D:10     | Noticed a seven-headed hydra
 10179 | D:10     | Found a large runed translucent door.
 10179 | D:10     | Found a large runed translucent door.
 10358 | D:10     | Noticed a boulder beetle
 10530 | D:8      | Killed Maggie
 10531 | D:8      | Reached skill level 5 in Invocations
 10630 | D:6      | Found a glowing golden altar of the Shining One.
 10676 | D:6      | Found a stormy altar of Qazlal.
 11046 | D:2      | Killed Sigmund
 11536 | D:6      | Killed Grinder
 11736 | D:10     | Reached skill level 10 in Fighting
 12311 | D:10     | Noticed a centaur warrior
 12322 | D:10     | Slain by a centaur warrior

Illustrated notes

Levels and vault maps discovered:
D:1:      dpeg_arrival_rooms_c, layout_rooms, hangedman_glass_teeth,
          chequers_mini_garden, corexii_corridor_pit
D:2:      layout_loops_ring, ebering_ecumenical_altar_rust, uniq_sigmund,
          uniq_jessica
D:3:      layout_rooms, yredelemnul_altar_generic, serial_shops, shop, hex_large
D:4:      layout_loops_ring, serial_shops, shop, kennysheep_flooded_box
D:5:      layout_loops_ring
D:6:      layout_loops_cross, mainiacjoe_overflow_catch_the_wave,
          kennysheep_mini_moat, lemuel_round_altar,
          minmay_temple_entry_antechambers, minmay_misc_feat_tiny, uniq_grinder
D:7:      layout_loops_ring
D:8:      layout_rooms, mainiacjoe_overflow_six_doors_small, enter_bailey_5,
          corner_web_ring, uniq_grum, uniq_maggie
D:9:      layout_loops_ring, minivault_27
D:10:     layout_roguey, minmay_hollow_rounded_squares, uniq_sonja
Temple:   nicolae_temple_superstar

Skill      XL: |  1  2  3  4  5  6  7  8  9 10 11 |
---------------+----------------------------------+-----
Long Blades    | 3 4 5 7 8 9 12 14 | 14.1
Dodging        | 5 7 |  7.1
Air Magic      | 6 |  6.5
Fighting       | 6 10 | 10.6
Invocations    | 3 5 |  5.2
Throwing       | |  1.0
Armour         | |  1.1
Spellcasting   | |  2.0
Translocations | |  2.4
Fire Magic     | |  0.4

Action                     |  1- 3 |  4- 6 |  7- 9 | 10-12 || total
---------------------------+-------+-------+-------+-------++-------
  Melee: Falchion          |    80 |   122 |   119 |       ||   321
         Kick              |    14 |    38 |   104 |   125 ||   281
         Peck              |    13 |    24 |    67 |    71 ||   175
         Punch             |       |       |     5 |     1 ||     6
         Long sword        |       |       |   227 |   257 ||   484
         Great sword       |       |       |       |   136 ||   136
  Throw: Boomerang         |       |       |     4 |    44 ||    48
         Dart              |       |       |     3 |       ||     3
   Cast: Kindle Blastspark |       |       |       |     6 ||     6
         Vhi's Electric Ch |       |       |       |     8 ||     8
    Use: Potion            |       |     1 |       |     1 ||     2
         Scroll            |       |       |       |    17 ||    17
   Stab: Sleeping          |       |     2 |     1 |     2 ||     5
         Distracted        |       |       |       |     1 ||     1
 Armour: Leather armour    |    32 |     3 |       |       ||    35
         Ring mail         |       |    22 |    73 |       ||    95
         Robe              |       |       |    23 |    44 ||    67
  Dodge: Dodged            |    82 |    69 |   180 |   291 ||   622

Table legend: (Time is in decaauts)
 A = Elapsed time spent in this place.
 B = Non-inter-level travel time spent in this place.
 C = Inter-level travel time spent in this place.
 D = Time resting spent in this place.
 E = Time spent auto-exploring this place.
 F = Levels seen in this place.
 G = Mean time per level.
                   A        B        C        D        E       F      G
               +--------+--------+--------+--------+--------+-----+--------+
         Total |  11616 |  11044 |    572 |   1840 |   6455 |  12 |  968.0 |
       Dungeon |   9342 |   8795 |    547 |    770 |   6102 |  10 |  934.2 |
        Temple |    129 |    104 |     25 |      0 |     83 |   1 |  129.0 |
        Bailey |   2144 |   2144 |      0 |   1069 |    269 |   1 | 2144.0 |
               +--------+--------+--------+--------+--------+-----+--------+

Top non-repeatable levels by time:
  Bailey: 2144 daAuts
     D:7: 1609 daAuts
     D:6: 1149 daAuts
    D:10: 1017 daAuts
     D:5: 983 daAuts
     D:9: 955 daAuts
     D:4: 842 daAuts
     D:3: 817 daAuts
     D:8: 720 daAuts
     D:2: 697 daAuts
     D:1: 549 daAuts
  Temple: 129 daAuts
